 Dungeon Crawl Stone Soup version 0.19.1-1-g22dce08 (webtiles) character file.

673338 senny the Slayer (level 27, -19/164 HPs)
             Began as a Gargoyle Berserker on Jan 4, 2017.
             Was the Champion of Trog.
             Killed from afar by a quicksilver dragon (27 damage)
             ... with a bolt of dispelling energy
             ... on level 1 of the Realm of Zot on Jan 5, 2017.
             The game lasted 05:46:29 (58736 turns).

senny the Slayer (Gargoyle Berserker)              Turns: 58736, Time: 05:46:29

Health: -19/164    AC: 68    Str: 40    XL:     27
Magic:  23/23      EV: 21    Int:  9    God:    Trog [******]
Gold:   3701       SH: 26    Dex: 20    Spells: 0 memorised, 26 levels left

rFire  + . .     SeeInvis .     Z - +9 broad axe (vamp)
rCold  . . .     Gourm    .     n - +15 Maxwell's patent armour {-Cast -Tele rElec MR+ rCorr}
rNeg   + . .     Faith    .     B - +5 shield of Lugonu's Whim {Dex+4 Slay+6}
rPois  ∞         Spirit   .     q - +2 hat
rElec  +         Reflect  +     J - +2 cloak
rCorr  +         Harm     .     b - +2 pair of gloves of Syssaodyr {Regen+}
MR     ++++.     NoTele   +     P - +2 pair of boots {run}
Stlth  .......... NoCast   +    u - +3 amulet of reflection
                                o - ring "Adues" {rPois rF+ Str+5}
                                V - ring "Rouko" {MR+ Str+3 Dex+4 Stlth+}

@: exhausted, quick
A: antennae 1, big wings, claws 1, rugged brown scales 2, thin skeletal
structure 1, deformed body, frail 2, negative energy resistance 1, electricity
resistance, wild magic 1, unbreathing, petrification resistance, rot immunity,
AC +20
a: Fly, Berserk, Trog's Hand, Brothers in Arms, Burn Spellbooks, Renounce
Religion
}: 4/15 runes: barnacled, silver, golden, gossamer


You were on level 1 of the Realm of Zot.
You worshipped Trog.
Trog was exalted by your worship.
You were not hungry.

You visited 12 branches of the dungeon, and saw 52 of its levels.
You visited the Abyss 1 time.
You visited 1 bazaar.
You also visited: Labyrinth.

You collected 8410 gold pieces.
You spent 4709 gold pieces at shops.

Inventory:

Hand Weapons
 a - a +9 antimagic eveningstar
 Z - a +9 vampiric broad axe (weapon)
Missiles
 f - 16 javelins of penetration (quivered)
Armour
 b - the +2 pair of gloves of Syssaodyr (worn) {Regen+}
   (You found it on level 3 of the Elven Halls)

   It increases your rate of regeneration.
 n - the +15 Maxwell's patent armour (worn) {-Cast -Tele rElec MR+ rCorr}
   (You bought it in a shop on level 1 of the Elven Halls)

   It insulates you from electricity.
   It affects your resistance to hostile enchantments.
   It prevents spellcasting.
   It prevents most forms of teleportation.
   It protects you from acid and corrosion.
 q - a +2 hat (worn)
 B - the +5 shield of Lugonu's Whim (worn) {Dex+4 Slay+6}
   (You found it on level 5 of the Dungeon)

   It affects your dexterity (+4).
   It affects your accuracy and damage with ranged weapons and melee attacks
   (+6).
 J - a +2 cloak (worn)
 P - a +2 pair of boots of running (worn)
Jewellery
 i - the amulet "Periuguv" {rC+ Regen+}
   (You found it in a labyrinth)

   [amulet of regeneration]

   It protects you from cold.
   It increases your rate of regeneration.
 o - the ring "Adues" (right hand) {rPois rF+ Str+5}
   (You found it on level 2 of the Tomb of the Ancients)

   [ring of protection from fire]

   It affects your strength (+5).
   It protects you from fire.
   It protects you from poison.
 u - a +3 amulet of reflection (around neck)
 D - the ring "Kainom" {rF- rN+ Slay+6, unknown}
   (You took it off a spriggan air mage on level 5 of the Depths)

   [ring of positive energy]

   It affects your accuracy and damage with ranged weapons and melee attacks
   (+6).
   It makes you vulnerable to fire.
   It protects you from negative energy.
 G - a cursed -6 ring of dexterity
 O - the ring of the Commoners {rF+ rN+}
   (You found it on level 6 of the Lair of Beasts)

   [ring of protection from fire]

   It protects you from fire.
   It protects you from negative energy.
 R - an uncursed ring of protection from magic
 U - a +3 ring of protection
 V - the ring "Rouko" (left hand) {MR+ Str+3 Dex+4 Stlth+}
   (You bought it in a shop on level 4 of the Shoals)

   [ring of stealth]

   It affects your strength (+3).
   It affects your dexterity (+4).
   It affects your resistance to hostile enchantments.
   It makes you more stealthy.
Wands
 e - a wand of teleportation (7/9)
 g - a wand of polymorph (10/24)
 k - a wand of paralysis (6/24)
 L - a wand of slowing (21/48)
 Q - a wand of confusion (20/48)
 S - a wand of teleportation (3/9)
Scrolls
 d - a scroll of fear
 l - 26 scrolls of identify
 t - 7 scrolls of recharging
 v - 20 scrolls of remove curse
 y - 4 scrolls of magic mapping
 z - 5 scrolls of blinking
 E - 4 scrolls of fog
 H - a scroll of enchant weapon
 M - 3 scrolls of enchant armour
 T - 14 scrolls of teleportation
Potions
 p - 10 potions of heal wounds
 w - 8 potions of might
 x - 6 potions of resistance
 C - 22 potions of curing
 I - 7 potions of haste
 K - 4 potions of berserk rage
 N - 3 potions of agility
 X - 4 potions of invisibility
Miscellaneous
 A - 3 boxes of beasts
 W - 3 sacks of spiders
Comestibles
 c - 11 bread rations
 h - 18 meat rations
 m - 17 beef jerkies
 r - 6 royal jellies
 s - 20 fruits
 F - 15 slices of pizza


   Skills:
 * Level 25.6 Fighting
   Level 1.0 Long Blades
 * Level 22.4 Axes
 - Level 1.4(16.5) Maces & Flails
   Level 0.1 Slings
 * Level 25.2 Armour
 + Level 14.7 Dodging
 + Level 18.7 Shields


You had 26 spell levels left.
You didn't know any spells.

Dungeon Overview and Level Annotations

Branches:
Dungeon (15/15)            Temple (0/1) D:5            Lair (6/6) D:10
 Shoals (4/4) Lair:3       Spider (4/4) Lair:2        Slime (1/5) Lair:6
    Orc (2/2) D:11            Elf (3/3) Orc:2        Vaults (5/5) D:14
  Crypt (3/3) Vaults:2       Tomb (3/3) Crypt:3      Depths (5/5) D:15
    Zot (1/5) Depths:5

Altars:
Ashenzari
Cheibriados
Dithmenos
Hepliaklqana
Kikubaaqudgha
Vehumet
Yredelemnul

Shops:
D:10 [   D:11 !   Orc:1 *   Orc:2 *[(=[   Elf:1 [   Shoals:4 =   Vaults:5 ??
Depths:3 =}=

Portals:
Hell: Depths:1 Depths:2 Depths:3 Depths:4 Depths:5
Abyss: Depths:4
Pandemonium: Depths:1 Depths:3
Ziggurat: Depths:1

Annotations:
D:6 1 runed door


Innate Abilities, Weirdness & Mutations

You are resistant to torment.
Your stone body is resilient. (AC +20)
You are immune to poison.
Your large and strong wings let you fly indefinitely.
You resist negative energy. (rN+)
You are resistant to electric shocks. (rElec)
You can survive without breathing.
You are immune to petrification.
You are immune to rotting.
You have a pair of small antennae on your head.
You have sharp fingernails.
You are mostly covered in rugged brown scales. (AC +2, +5% HP)
You have a somewhat thin skeletal structure. (Dex +2, Stealth)
Armour fits poorly on your strangely shaped body.
You are very frail. (-20% HP)
Your spells are a little harder to cast, but a little more powerful.


Message History

You feel yourself speed up.
The quicksilver dragon breathes dispelling energy at you.
The bolt of dispelling energy hits you!
* * * LOW HITPOINT WARNING * * *
The quicksilver dragon completely misses you.
The quicksilver dragon claws you but does no damage.
You hit the quicksilver dragon.
You feel better.
The quicksilver dragon is lightly wounded.
The quicksilver dragon breathes dispelling energy at you.
The bolt of dispelling energy hits you!
* * * LOW HITPOINT WARNING * * *
You slash the quicksilver dragon!
You feel better.
The quicksilver dragon is lightly wounded.
The quicksilver dragon barely misses you.
You block the quicksilver dragon's attack.
You barely miss the quicksilver dragon.
The quicksilver dragon is lightly wounded.
The quicksilver dragon breathes dispelling energy at you.
The bolt of dispelling energy hits you!
You die...

#...# #...##
##.....#
##.....#
##^.....#
####...##..#
#..........#
#....#.....#
####[..##..@†.#
#.....######D.#
#....## ..#
##...## ..#
##...## ⌠.#
##...## ...
###...## ....
.....## ...#
....##


You could see a quicksilver dragon.

Vanquished Creatures
  Khufu (Tomb:3)
  Mara (Shoals:4)
  An orb of fire (Zot:1)
  3 ancient liches
  A juggernaut (Depths:1)
  Mennas (Crypt:3)
  Sojobo (Crypt:3)
  30 greater mummies
  Bai Suzhen (Spider:3)
  Xtahua (Depths:3)
  A profane servitor (Crypt:3)
  3 golden dragons
  A bone dragon (Crypt:3)
  10 tentacled monstrosities
  Jorgrun (Crypt:3)
  7 liches
  Asterion (Depths:3)
  2 quicksilver dragons
  2 deep elf blademasters
  5 titans
  The ghost of cada the Bludgeoner, an adept FoFi of Okawaru (Shoals:3)
  9 sphinxes
  4 shadow dragons
  4 ancient champions
  Agnes (Spider:3)
  8 tengu reavers
  2 revenants
  A storm dragon (Zot:1)
  8 fire giants
  A draconian knight (Depths:5)
  7 frost giants
  An iron dragon (Vaults:5)
  6 deep elf sorcerers
  13 vault wardens
  Louise (Spider:2)
  3 ghost moths (Spider:4)
  A cacodemon (Depths:1)
  An orc warlord (Orc:1)
  Aizul (Spider:1)
  3 emperor scorpions (Spider:4)
  A juggernaut zombie (Depths:5)
  2 deep elf elementalists
  13 ironheart preservers
  3 curse skulls
  7 ghouls
  A caustic shrike skeleton (Depths:5)
  13 very ugly things
  3 war gargoyles
  4 bennus
  19 stone giants
  4 spriggan defenders
  7 vampire knights
  4 entropy weavers
  The ghost of alp the Imperceptible, a journeyman SpEn of Dithmenos (Spider:2)
  3 deep elf demonologists
  The ghost of hydrated12 the Fighter, a journeyman DDFi of Trog (Spider:1)
  8 deep elf annihilators
  A red draconian (Zot:1)
  9 spark wasps
  Snorg (D:13)
  28 mummy priests
  5 merfolk javelineers (Shoals:4)
  9 eidola
  A minotaur (Lab)
  2 quicksilver dragon zombies (Crypt:3)
  An ettin (shapeshifter) (Vaults:5)
  11 ettins
  Josephine (Orc:1)
  9 merfolk impalers
  9 deep elf death magi
  6 deep elf high priests
  6 jiangshi
  12 yaktaur captains
  11 fire dragons
  34 vault guards
  8 great orbs of eyes
  7 rakshasas
  18 ice dragons
  12 hydras
  A monstrous demonspawn (Depths:1)
  7 spriggan air magi
  2 merfolk avatars (Shoals:4)
  5 deep troll shamans
  4 merfolk aquamancers
  7 death knights
  8 centaur warriors
  30 death scarabs
  24 dancing weapons
  7 death yaks
  11 ogre magi
  2 satyrs (Shoals:4)
  3 hell hogs (Depths:2)
  11 spriggan berserkers
  A hell hog (shapeshifter) (Depths:5)
  8 vampire magi
  A tengu warrior (Depths:2)
  4 orc high priests
  8 deep troll earth magi
  Urug (D:11)
  17 deep elf knights
  A titan skeleton (Vaults:4)
  A hell knight (Depths:5)
  2 storm dragon zombies (Crypt:3)
  3 shadow wraiths
  2 small abominations
  23 skeletal warriors
  7 unseen horrors
  A fire crab (shapeshifter) (Vaults:3)
  35 deep trolls
  4 sea snakes
  11 deep elf archers
  A glowing orange brain (shapeshifter) (Vaults:4)
  5 glowing orange brains
  A torturous demonspawn (Depths:1)
  A ghost moth zombie (Tomb:1)
  2 starcursed masses (Abyss:3)
  A golden dragon zombie (Crypt:3)
  2 spark wasp zombies
  2 wizards
  65 deep elf magi
  8 flayed ghosts
  A sphinx zombie (Crypt:1)
  10 harpies
  11 ironbrand convokers
  A lindwurm (Lair:5)
  8 hill giants
  35 phantasmal warriors
  6 necromancers
  17 orc knights
  31 wolf spiders
  43 ugly things
  3 fire giant zombies
  A frost giant zombie (Crypt:3)
  3 wolf spider zombies
  12 orb spiders
  2 oklob plants (Lair:6)
  9 orc sorcerers
  A shining eye (shapeshifter) (Vaults:5)
  A sphinx skeleton (Depths:4)
  9 fauns
  2 worldbinders (Abyss:3)
  2 centaur zombies
  15 elephants (Lair:6)
  11 cyclopes
  2 moths of wrath
  A dire elephant zombie (Crypt:3)
  A frost giant skeleton (Tomb:1)
  11 manticores
  3 black mambas (Lair:6)
  3 sirens
  A fire giant skeleton (Tomb:1)
  A guardian serpent (D:9)
  13 vault sentinels
  An orange demon (Depths:1)
  2 guardian serpents (shapeshifter)
  An eye of devastation (shapeshifter) (Vaults:5)
  Psyche (D:12)
  3 water nymphs
  A spriggan skeleton (Depths:4)
  2 shock serpent skeletons
  A storm dragon simulacrum (Depths:4)
  11 spiny frogs
  6 rime drakes (Lair:6)
  7 demonic crawlers
  9 komodo dragons
  13 freezing wraiths
  A death yak zombie (Crypt:1)
  67 yaktaurs
  4 tengu conjurers
  An efreet (D:14)
  A hellwing (Depths:1)
  2 harpy zombies
  59 guardian mummies
  22 jumping spiders
  26 merfolk
  A queen bee (shapeshifter) (Depths:1)
  2 wind drakes (shapeshifter)
  An iron troll skeleton (Crypt:2)
  7 trolls
  16 hornets
  A two-headed ogre (shapeshifter) (Vaults:2)
  A polar bear (Lair:6)
  A sphinx simulacrum (Vaults:4)
  A troll (shapeshifter) (Elf:2)
  A polar bear (shapeshifter) (Depths:4)
  A hornet (shapeshifter) (Vaults:2)
  2 wind drakes
  5 two-headed ogres
  A slime creature (shapeshifter) (Depths:5)
  Grinder (D:3)
  9 hippogriffs
  16 blink frogs
  A bog body (Crypt:1)
  52 slime creatures
  13 dream sheep
  2 fire dragon zombies (Crypt:3)
  2 ettin zombies
  2 raiju (shapeshifter)
  7 air elementals
  37 redbacks
  A spriggan (shapeshifter) (D:14)
  A redback (shapeshifter) (Depths:5)
  6 snapping turtles
  9 wyverns
  18 flying skulls
  13 wraiths
  3 shadows
  2 yaks (shapeshifter)
  6 spriggans
  15 water elementals
  45 yaks
  4 fire elementals
  The ghost of senny the Poker, an amateur DrBe of Trog (D:3)
  18 ushabtiu
  15 tarantellas
  6 basilisks
  A basilisk (shapeshifter) (Vaults:4)
  6 hungry ghosts
  3 mottled dragons
  An emperor scorpion simulacrum (Tomb:1)
  2 human simulacra
  3 vampire mosquitoes (D:15)
  A large abomination (Abyss:3)
  9 wargs
  6 soldier ants (D:6)
  A soldier ant (shapeshifter) (Vaults:1)
  An elf skeleton (Depths:4)
  7 hell hounds (Depths:2)
  17 water moccasins
  7 porcupines
  A floating eye (Depths:4)
  47 orc warriors
  5 ice beasts
  3 black bears
  2 hornet zombies
  An eye of draining (shapeshifter) (Depths:3)
  14 necrophages
  A swamp dragon zombie (Tomb:1)
  7 sky beasts
  4 phantoms
  18 boggarts
  29 ogres
  A lindwurm skeleton (Crypt:1)
  2 human skeletons (Vaults:4)
  20 wolves
  An elephant skeleton (Crypt:1)
  22 centaurs
  15 crocodiles
  A dream sheep skeleton (Crypt:2)
  2 komodo dragon zombies
  2 big kobolds
  5 earth elementals
  12 bullfrogs
  6 gnoll sergeants
  A draconian skeleton (Crypt:2)
  6 wyvern skeletons
  5 scorpions
  17 killer bees
  3 wights (D:14)
  3 bullfrog zombies
  4 howler monkeys
  5 crimson imps
  A quasit (Abyss:3)
  5 hounds
  7 centaur skeletons
  3 jellies
  Crazy Yiuf (D:6)
  15 orc priests
  A gnoll shaman (D:4)
  2 bullfrog skeletons
  5 iguanas
  An iron imp (Depths:1)
  12 orc wizards
  12 hell rats
  17 worker ants
  A killer bee zombie (D:10)
  A tengu skeleton (Crypt:2)
  A hound skeleton (D:4)
  49 mummies
  3 worker ant zombies
  13 adders
  13 gnolls
  A howler monkey skeleton (D:8)
  15 river rats
  An ooze (D:3)
  A lava snake skeleton (Crypt:2)
  A lava snake zombie (Crypt:2)
  An adder skeleton (D:6)
  2 worms
  A dart slug (D:4)
  6 leopard geckos
  87 orcs
  A bat zombie (Crypt:1)
  5 giant cockroaches
  14 goblins
  11 hobgoblins
  13 jackals
  5 quokkas
  A ball python (D:1)
  8 bats
  A dart slug zombie (Crypt:1)
  5 frilled lizards
  15 kobolds
  14 rats
  A crawling corpse (Depths:5)
  8 fungi
  3 plants
  2 tentacles (Shoals:4)
  5 withered plants (Crypt:3)
2363 creatures vanquished.

Vanquished Creatures (collateral kills)
  A greater mummy (Tomb:1)
  Nikola (Vaults:1)
  A golden dragon (Vaults:5)
  A kraken (Shoals:4)
  A deep elf blademaster (Elf:3)
  A titan (Vaults:5)
  A revenant (Tomb:1)
  A tengu reaver (Crypt:3)
  A fire giant (D:15)
  An emperor scorpion (Spider:4)
  2 deep elf sorcerers (Elf:3)
  An orc warlord (Orc:2)
  4 vault wardens
  A ghost moth (Spider:4)
  A stone giant (Vaults:2)
  3 deep elf annihilators (Elf:3)
  A deep elf demonologist (Vaults:5)
  An ettin (Vaults:2)
  A mummy priest (Tomb:1)
  A merfolk impaler (Shoals:4)
  A yaktaur captain (Vaults:4)
  A deep elf high priest (Elf:3)
  2 hydras
  An ice dragon (Vaults:2)
  A merfolk avatar (Lair:6)
  A dancing weapon (Elf:3)
  A death scarab (Tomb:1)
  2 centaur warriors (Vaults:3)
  A deep elf knight (Vaults:5)
  An orc high priest (Orc:2)
  A storm dragon zombie (Crypt:3)
  2 sea snakes (Shoals:4)
  A wizard (Vaults:2)
  2 ironbrand convokers (Vaults:2)
  4 harpies (Shoals:4)
  A deep elf mage (Elf:3)
  A wolf spider (Spider:3)
  A fire giant zombie (Crypt:3)
  A manticore (Shoals:4)
  A water nymph (Shoals:4)
  A vault sentinel (Vaults:2)
  8 yaktaurs
  A guardian mummy (Tomb:1)
  6 merfolk (Shoals:4)
  A snapping turtle (Shoals:4)
  2 redbacks (Spider:4)
  A tarantella (Spider:3)
  A water elemental (Shoals:4)
  An orc warrior (D:11)
  2 ogres
  A big kobold (D:11)
  A gnoll sergeant (D:11)
  An orc wizard (Orc:2)
  A worker ant (D:12)
  A mummy (Tomb:2)
  2 orcs
  A tentacle (Shoals:4)
85 creatures vanquished.

Vanquished Creatures (others)
  A deep elf master archer (Elf:3)
  A fire giant (Depths:4)
  A draconian knight (Depths:5)
  2 vault wardens (Vaults:5)
  An ironheart preserver (Vaults:5)
  A quicksilver dragon skeleton (Tomb:2)
  28 death scarabs
  A centaur warrior (Depths:3)
  An orc high priest (Elf:2)
  A deep elf knight (Elf:2)
  A phantasmal warrior (Vaults:5)
  A harpy (Shoals:4)
  A wolf spider (Spider:3)
  A deep elf mage (Elf:2)
  A vault sentinel (Vaults:5)
  9 yaktaurs
  A jumping spider (Spider:4)
  A catoblepas skeleton (Tomb:3)
  A hornet (Depths:3)
  11 flying skulls (Tomb:2)
  A spriggan (Depths:3)
  A warg (Elf:2)
  An orc warrior (Vaults:5)
  6 centaurs (Depths:3)
  An orc wizard (D:15)
  3 mummies (Tomb:1)
  15 fungi
  24 plants
  3 tentacles (Shoals:4)
  2 withered plants (Crypt:3)
123 creatures vanquished.

Grand Total: 2571 creatures vanquished

Notes
Turn   | Place    | Note
-------+----------+-------------------------------------------
     0 | D:1      | senny the Gargoyle Berserker began the quest for the Orb.
     0 | D:1      | Reached XP level 1. HP: 14/14 MP: 1/1
   247 | D:1      | Reached XP level 2. HP: 19/19 MP: 2/2
   886 | D:2      | Reached XP level 3. HP: 21/24 MP: 3/3
  1609 | D:2      | Reached XP level 4. HP: 26/29 MP: 4/4
  1833 | D:2      | Found a hazy altar of Hepliaklqana.
  1978 | D:2      | Reached ** piety under Trog
  2018 | D:3      | Reached XP level 5. HP: 33/33 MP: 5/5
  2024 | D:3      | Noticed senny's ghost (amateur DrBe)
  2328 | D:3      | Killed senny's ghost
  2328 | D:3      | Reached XP level 6. HP: 40/40 MP: 6/6
  2367 | D:3      | Reached skill level 5 in Fighting
  2387 | D:3      | Noticed Grinder
  2390 | D:3      | Paralysed by Grinder for 2 turns
  2395 | D:3      | Paralysed by Grinder for 5 turns
  2404 | D:3      | Killed Grinder
  2404 | D:3      | Reached XP level 7. HP: 44/44 MP: 7/7
  3017 | D:4      | Reached skill level 5 in Armour
  3212 | D:4      | Reached *** piety under Trog
  3324 | D:4      | Got an encrusted hunting sling
  3325 | D:4      | Identified the +4 hunting sling "Duegy" {velocity, Str+4 Int+7 Dex+2} (You found it on level 4 of the Dungeon)
  3635 | D:4      | Reached XP level 8. HP: 51/51 MP: 8/8
  3673 | D:4      | Reached skill level 1 in Maces & Flails
  4056 | D:5      | Entered Level 5 of the Dungeon
  4142 | D:5      | Got a crude shield
  4152 | D:5      | Identified the +5 shield of Lugonu's Whim {Dex+4 Slay+6} (You found it on level 5 of the Dungeon)
  4337 | D:5      | Found a staircase to the Ecumenical Temple.
  4461 | D:5      | Reached skill level 5 in Axes
  4501 | D:5      | Gained mutation: Your body sometimes deteriorates upon taking damage. [mutagenic meat]
  4502 | D:5      | Gained mutation: You are partially covered in rugged brown scales. (AC +1, +3% HP) [mutagenic meat]
  4503 | D:5      | Gained mutation: You are dopey. (Int -2) [mutagenic meat]
  4504 | D:5      | Gained mutation: You have a pair of small antennae on your head. [mutagenic meat]
  4505 | D:5      | Gained mutation: You have a somewhat thin skeletal structure. (Dex +2, Stealth) [mutagenic meat]
  4506 | D:5      | Gained mutation: You have supernaturally acute eyesight. (SInv) [mutagenic meat]
  4612 | D:5      | Reached skill level 1 in Shields
  4616 | D:5      | Found a snail-covered altar of Cheibriados.
  4618 | D:5      | Found an ancient bone altar of Kikubaaqudgha.
  5070 | D:6      | Found a runed gate.
  5071 | D:6      | Found a runed door.
  5095 | D:6      | Found a runed gate.
  5095 | D:6      | Found a runed gate.
  5104 | D:6      | Found a runed door.
  5115 | D:6      | Reached **** piety under Trog
  5131 | D:6      | Reached XP level 9. HP: 42/58 MP: 9/9
  5409 | D:6      | Found a snail-covered altar of Cheibriados.
  5931 | D:6      | Found a runed door.
  5937 | D:6      | Noticed Crazy Yiuf
  5942 | D:6      | Killed Crazy Yiuf
  6218 | D:7      | Reached XP level 10. HP: 62/66 MP: 10/10
  7260 | D:8      | Reached skill level 5 in Dodging
  7586 | D:9      | Noticed a guardian serpent
  7591 | D:9      | Killed a guardian serpent
  7901 | D:10     | Entered Level 10 of the Dungeon
  8015 | D:10     | Noticed an unseen horror
  8022 | D:10     | Noticed a hill giant
  8029 | D:10     | Killed a hill giant
  8029 | D:10     | Reached XP level 11. HP: 74/74 MP: 11/11
  8031 | D:10     | Reached ***** piety under Trog
  8040 | D:10     | Killed an unseen horror
  8040 | D:10     | Reached skill level 10 in Fighting
  8040 | D:10     | Reached skill level 5 in Shields
  8052 | D:10     | Found a staircase to the Lair.
  8408 | D:10     | Found Qummegu's Armour Shop.
  8433 | D:10     | Bought a +0 pair of gloves of strength for 126 gold pieces
  8433 | D:10     | Bought a +1 chain mail of cold resistance for 181 gold pieces
  8433 | D:10     | Bought a +2 cloak for 181 gold pieces
  9092 | D:11     | Noticed Urug
  9103 | D:11     | Killed Urug
  9277 | D:11     | Found a staircase to the Orcish Mines.
  9297 | D:11     | Reached skill level 10 in Armour
  9509 | D:11     | Noticed an unseen horror
  9513 | D:11     | Killed an unseen horror
  9589 | D:11     | Found Cesaf's Distillery.
  9749 | D:12     | Noticed Psyche
  9757 | D:12     | Killed Psyche
  9774 | D:12     | Noticed a manticore
  9781 | D:12     | Killed a manticore
  9828 | D:12     | Noticed a hill giant
  9829 | D:12     | Noticed a hill giant
  9837 | D:12     | Killed a hill giant
  9843 | D:12     | Killed a hill giant
  9843 | D:12     | Reached XP level 12. HP: 69/82 MP: 12/12
 10029 | D:12     | Noticed an eight-headed hydra
 10037 | D:12     | Received a gift from Trog
 10039 | D:12     | Killed an 11-headed hydra
 10122 | D:12     | Gained mutation: Your large and strong wings let you fly indefinitely. [mutagenic meat]
 10124 | D:12     | Gained mutation: You possess an exceptional clarity of mind. [mutagenic meat]
 10544 | D:12     | Noticed a seven-headed hydra
 10554 | D:12     | Killed a seven-headed hydra
 10636 | D:13     | Found a labyrinth entrance.
 10645 | Lab      | Entered a labyrinth
 11020 | Lab      | Noticed a minotaur
 11027 | Lab      | Killed a minotaur
 11591 | Lab      | Got a scintillating amethyst amulet
 11597 | Lab      | Identified the amulet "Periuguv" {rC+ Regen+} (You found it in a labyrinth)
 11663 | D:13     | Found a shadowy altar of Dithmenos.
 11731 | D:13     | Noticed Snorg
 11739 | D:13     | Reached skill level 10 in Axes
 11741 | D:13     | Killed Snorg
 11822 | D:13     | Gained mutation: You have sharp fingernails. [mutagenic meat]
 11901 | D:13     | Reached XP level 13. HP: 89/89 MP: 13/13
 12322 | D:14     | Lost mutation: You possess an exceptional clarity of mind. [mutagenic meat]
 12323 | D:14     | Gained mutation: You are very dopey. (Int -4) [mutagenic meat]
 12325 | D:14     | Gained mutation: You are clumsy. (Dex -2) [mutagenic meat]
 12346 | D:14     | Noticed a vault guard
 12346 | D:14     | Noticed a vault guard
 12347 | D:14     | Noticed a vault guard
 12359 | D:14     | Noticed a vault guard
 12360 | D:14     | Noticed a vault guard
 12364 | D:14     | Killed a vault guard
 12370 | D:14     | Killed a vault guard
 12379 | D:14     | Killed a vault guard
 12385 | D:14     | Killed a vault guard
 12396 | D:14     | Noticed a vault guard
 12396 | D:14     | Killed a vault guard
 12409 | D:14     | Killed a vault guard
 12409 | D:14     | Received a gift from Trog
 12440 | D:14     | Found a gate to the Vaults.
 12443 | D:14     | Noticed a vault guard
 12450 | D:14     | Killed a vault guard
 12915 | D:14     | Noticed a vault guard
 12927 | D:14     | Killed a vault guard
 12968 | D:14     | Identified a +0 pair of boots of running (You found it on level 14 of the Dungeon)
 13109 | D:15     | Entered Level 15 of the Dungeon
 13287 | D:14     | Gained mutation: You are mostly covered in rugged brown scales. (AC +2, +5% HP) [potion of mutation]
 13288 | D:14     | Lost mutation: Your body sometimes deteriorates upon taking damage. [potion of mutation]
 13288 | D:14     | Lost mutation: You are very dopey. (Int -4) [potion of mutation]
 13289 | D:14     | Lost mutation: You have supernaturally acute eyesight. (SInv) [potion of mutation]
 13289 | D:14     | Gained mutation: You are frail. (-10% HP) [potion of mutation]
 13435 | D:15     | Mutation became permanent: Your large and strong wings let you fly indefinitely. [Gargoyle growth]
 13435 | D:15     | Reached XP level 14. HP: 89/89 MP: 14/14
 13711 | D:15     | Found a staircase to the Depths.
 13711 | D:15     | Noticed a fire giant
 13749 | D:15     | Killed a fire giant
 14167 | D:15     | Lost mutation: You are clumsy. (Dex -2) [mutagenic meat]
 14168 | D:15     | Gained mutation: Your spells are a little harder to cast, but a little more powerful. [mutagenic meat]
 14169 | D:15     | Lost mutation: You are dopey. (Int -2) [mutagenic meat]
 14170 | D:15     | Gained mutation: You are very frail. (-20% HP) [mutagenic meat]
 14514 | Lair:1   | Entered Level 1 of the Lair of Beasts
 15439 | Lair:2   | Got a scorched plate armour
 15458 | Lair:2   | Identified the cursed +1 plate armour of the Stag {+Fly rN+ Str-2} (You found it on level 2 of the Lair of Beasts)
 15734 | Lair:2   | Found a hole to the Spider Nest.
 16131 | Lair:3   | Received a gift from Trog
 16496 | Lair:3   | Reached ****** piety under Trog
 16896 | Lair:3   | Found a staircase to the Shoals.
 17465 | Lair:4   | Received a gift from Trog
 17590 | Lair:4   | Reached XP level 15. HP: 78/85 MP: 5/15
 18618 | Lair:5   | Reached skill level 10 in Shields
 18771 | Lair:5   | Reached skill level 15 in Fighting
 18873 | Lair:6   | Entered Level 6 of the Lair of Beasts
 19016 | Lair:6   | Reached skill level 15 in Armour
 19823 | Lair:6   | Received a gift from Trog
 19846 | Lair:6   | Reached XP level 16. HP: 52/91 MP: 16/16
 19999 | Lair:6   | Got an ancient gossamer ring
 20015 | Lair:6   | Identified the ring of the Commoners {rF+ rN+} (You found it on level 6 of the Lair of Beasts)
 20217 | Lair:6   | Found a staircase to the Slime Pits.
 20358 | Spider:1 | Entered Level 1 of the Spider Nest
 20375 | Spider:1 | Noticed Aizul
 20384 | Spider:1 | Killed Aizul
 20386 | Spider:1 | Noticed hydrated12's ghost (journeyman DDFi)
 20399 | Spider:1 | Killed hydrated12's ghost
 20544 | Spider:2 | Noticed alp's ghost (journeyman SpEn)
 20604 | Spider:2 | Killed alp's ghost
 20652 | Spider:2 | Noticed Louise
 20652 | Spider:2 | Cast into level 3 of the Abyss (Louise)
 20761 | Spider:2 | Escaped the Abyss
 20781 | Spider:2 | Killed Louise
 21112 | Spider:3 | Noticed Bai Suzhen
 21144 | Spider:3 | Killed Bai Suzhen
 21290 | Spider:3 | Received a gift from Trog
 21383 | Spider:3 | Noticed Agnes
 21490 | Spider:3 | Killed Agnes
 22011 | Spider:4 | Entered Level 4 of the Spider Nest
 22178 | Spider:4 | Reached XP level 17. HP: 92/98 MP: 17/17
 22793 | Spider:4 | Got a gossamer rune of Zot
 23044 | Spider:2 | Got an ivory bardiche
 23050 | Spider:2 | Identified the +9 bardiche of Conservatism {freeze, Int+7} (You found it on level 2 of the Spider Nest)
 23158 | Shoals:1 | Entered Level 1 of the Shoals
 23340 | Shoals:1 | Received a gift from Trog
 23513 | Shoals:3 | Noticed cada's ghost (adept FoFi)
 23549 | Shoals:3 | Killed cada's ghost
 23616 | Shoals:4 | Entered Level 4 of the Shoals
 23767 | Shoals:4 | Found Vytax's Jewellery Boutique.
 23770 | Shoals:4 | Bought the ring "Rouko" {MR+ Str+3 Dex+4 Stlth+} for 716 gold pieces
 23900 | Shoals:4 | Reached XP level 18. HP: 50/105 MP: 18/18
 23902 | Shoals:4 | Noticed Mara
 23933 | Shoals:4 | Killed Mara
 23933 | Shoals:4 | Reached skill level 15 in Axes
 24560 | Shoals:4 | Received a gift from Trog
 24662 | Shoals:4 | Got a barnacled rune of Zot
 25289 | Orc:1    | Entered Level 1 of the Orcish Mines
 25376 | Orc:1    | Noticed Josephine
 25386 | Orc:1    | Killed Josephine
 25598 | Orc:1    | Found Ifutepac's Assorted Antiques.
 25635 | Orc:1    | Bought a scroll of enchant armour for 270 gold pieces
 25635 | Orc:1    | Bought a potion of curing for 108 gold pieces
 25635 | Orc:1    | Bought a potion of curing for 108 gold pieces
 25844 | Orc:2    | Entered Level 2 of the Orcish Mines
 25844 | Orc:2    | Found Voynog's Armour Boutique.
 25848 | Orc:2    | Found Ilemmuk's Antique Weapon Shop.
 26083 | Orc:2    | Found Iheow's General Store.
 26321 | Orc:2    | Received a gift from Trog
 26342 | Orc:2    | Found a staircase to the Elven Halls.
 26433 | Orc:2    | Found Huoleassi's Jewellery Emporium.
 26685 | Orc:2    | Found Cerir's Antique Armour Emporium.
 27101 | Slime:1  | Entered Level 1 of the Pits of Slime
 27301 | Vaults:1 | Entered Level 1 of the Vaults
 27396 | Vaults:1 | Noticed Nikola
 27408 | Vaults:1 | Killed Nikola
 27473 | Vaults:1 | Found a flickering gateway to a bazaar.
 27479 | Bazaar   | Entered a bazaar
 27500 | Bazaar   | Found Ehastora's Food Boutique.
 27525 | Bazaar   | Found Kutun's Food Boutique.
 27550 | Bazaar   | Found Ziodgh's Food Boutique.
 27614 | Bazaar   | Bought a slice of pizza for 15 gold pieces
 27614 | Bazaar   | Bought a slice of pizza for 15 gold pieces
 27614 | Bazaar   | Bought 2 fruits for 30 gold pieces
 27614 | Bazaar   | Bought a meat ration for 50 gold pieces
 27614 | Bazaar   | Bought a bread ration for 50 gold pieces
 27614 | Bazaar   | Bought a slice of pizza for 15 gold pieces
 27614 | Bazaar   | Bought a bread ration for 50 gold pieces
 27949 | Vaults:1 | Reached XP level 19. HP: 94/111 MP: 19/19
 28866 | Vaults:2 | Paralysed by a great orb of eyes for 6 turns
 29702 | Vaults:2 | Reached skill level 10 in Dodging
 29845 | Vaults:2 | Received a gift from Trog
 29963 | Vaults:2 | Found a staircase to the Crypt.
 29963 | Vaults:2 | Found a basalt altar of Yredelemnul.
 29964 | Vaults:2 | Found an ancient bone altar of Kikubaaqudgha.
 30295 | Vaults:3 | Reached XP level 20. HP: 95/118 MP: 20/20
 31972 | Vaults:4 | Received a gift from Trog
 32872 | Vaults:5 | Entered Level 5 of the Vaults
 33023 | Vaults:5 | Noticed a Tzitzimitl
 33025 | Vaults:4 | Received a gift from Trog
 33138 | Vaults:5 | Reached XP level 21. HP: 123/123 MP: 21/21
 33372 | Vaults:5 | Noticed a golden dragon
 33413 | Vaults:5 | Killed a golden dragon
 33797 | Vaults:5 | Got a heavily runed shield
 33813 | Vaults:5 | Identified the +3 shield of the Thinker {rC+ Stlth+} (You found it on level 5 of the Vaults)
 33953 | Vaults:5 | Got a sparkling iron ring
 33996 | Vaults:5 | Identified the ring of Teop {MR+ Dex+4 Stlth+} (You took it off a yaktaur on level 5 of the Vaults)
 34291 | Vaults:5 | Got a warped ring mail
 34292 | Vaults:5 | Identified the cursed +1 ring mail "Evuy" {rPois rN+} (You found it on level 5 of the Vaults)
 34506 | Vaults:5 | Noticed a golden dragon
 34550 | Vaults:5 | Received a gift from Trog
 34775 | Vaults:5 | Got a pair of scorched gloves
 34801 | Vaults:5 | Identified the +0 pair of gloves of the Endless Expanse {rC+ Int+5} (You found it on level 5 of the Vaults)
 35049 | Vaults:5 | Found Kejom's Magic Scroll Emporium.
 35142 | Vaults:5 | Killed a golden dragon
 35142 | Vaults:5 | Reached XP level 22. HP: 96/130 MP: 22/22
 35485 | Vaults:5 | Bought a scroll of enchant weapon for 127 gold pieces
 35485 | Vaults:5 | Bought a scroll of teleportation for 51 gold pieces
 35508 | Vaults:5 | Found Cafasyto's Food Shoppe.
 35516 | Vaults:5 | Found Deklenik's Magic Scroll Shop.
 35524 | Vaults:5 | Bought a scroll of enchant armour for 90 gold pieces
 35524 | Vaults:5 | Bought a scroll of enchant armour for 90 gold pieces
 35524 | Vaults:5 | Bought a scroll of teleportation for 36 gold pieces
 35524 | Vaults:5 | Bought a scroll of teleportation for 36 gold pieces
 35540 | Vaults:5 | Got a silver rune of Zot
 36335 | Elf:1    | Entered Level 1 of the Elven Halls
 36361 | Elf:1    | Found a radiant altar of Vehumet.
 36370 | Elf:1    | Received a gift from Trog
 37060 | Elf:1    | Found Yplijopp's Armour Boutique.
 37064 | Elf:1    | Bought the +15 Maxwell's patent armour {-Cast -Tele rElec MR+ rCorr} for 1288 gold pieces
 37324 | Elf:2    | Received a gift from Trog
 37584 | Elf:2    | Found a runed gate.
 37584 | Elf:2    | Found a runed gate.
 37584 | Elf:2    | Found a runed gate.
 37615 | Elf:2    | Reached skill level 15 in Shields
 38132 | Elf:3    | Entered Level 3 of the Elven Halls
 38224 | Elf:3    | Found an ancient bone altar of Kikubaaqudgha.
 38285 | Elf:3    | Received a gift from Trog
 38570 | Elf:3    | Reached XP level 23. HP: 104/136 MP: 23/23
 38758 | Elf:3    | Got a fine platinum ring
 38959 | Elf:3    | Identified the ring "Ruagatul" {rPois Str-2 Int+7 Slay+2 Stlth-} (You took it off a deep elf mage on level 3 of the Elven Halls)
 39006 | Elf:3    | Got a pair of warped gloves
 39017 | Elf:3    | Identified the +2 pair of gloves of Syssaodyr {Regen+} (You found it on level 3 of the Elven Halls)
 39091 | Elf:3    | Identified the Collected Works on Freezing Transmutation
 39425 | Crypt:1  | Entered Level 1 of the Crypt
 39498 | Crypt:1  | Received a gift from Trog
 40280 | Crypt:1  | Got a polished plate armour
 40291 | Crypt:1  | Identified the +1 plate armour "Maomeeb" {rPois Int+3} (You found it on level 1 of the Crypt)
 40541 | Crypt:2  | Received a gift from Trog
 41055 | Crypt:3  | Entered Level 3 of the Crypt
 41066 | Crypt:3  | Noticed Sojobo
 41091 | Crypt:3  | Killed Sojobo
 41201 | Crypt:3  | Found a basalt altar of Yredelemnul.
 41386 | Crypt:3  | Noticed Mennas
 41415 | Crypt:3  | Killed Mennas
 41500 | Crypt:3  | Noticed Jorgrun
 41516 | Crypt:3  | Killed Jorgrun
 41517 | Crypt:3  | Reached skill level 1 in Long Blades
 41672 | Crypt:3  | Received a gift from Trog
 41831 | Crypt:3  | Found a staircase to the Tomb.
 41839 | Crypt:3  | Reached XP level 24. HP: 116/142 MP: 23/23
 42867 | Crypt:3  | Received a gift from Trog
 42893 | Crypt:3  | Got a translucent dagger
 42894 | Crypt:3  | Identified the +6 dagger of a Spat {freeze, rC++ MR- Dex+2} (You found it on level 3 of the Crypt)
 42999 | Tomb:1   | Entered Level 1 of the Tomb of the Ancients
 43700 | Tomb:1   | Noticed a greater mummy
 43729 | Tomb:1   | Killed a greater mummy
 44122 | Tomb:2   | Noticed a greater mummy
 44122 | Tomb:2   | Noticed a greater mummy
 44122 | Tomb:2   | Noticed an ancient lich
 44124 | Tomb:2   | Noticed a greater mummy
 44327 | Tomb:1   | Killed a greater mummy
 44538 | Tomb:1   | Received a gift from Trog
 44596 | Tomb:1   | Killed a greater mummy
 44852 | Tomb:2   | Killed an ancient lich
 44944 | Tomb:1   | Killed a greater mummy
 45019 | Tomb:2   | Got a coiled lapis lazuli ring
 45021 | Tomb:2   | Identified the ring "Adues" {rPois rF+ Str+5} (You found it on level 2 of the Tomb of the Ancients)
 45249 | Tomb:2   | Identified Saiho's Almanac of Creative Orientation
 45506 | Tomb:2   | Reached XP level 25. HP: 148/148 MP: 23/23
 45620 | Tomb:1   | Noticed a greater mummy
 45620 | Tomb:1   | Noticed a greater mummy
 45620 | Tomb:1   | Noticed a greater mummy
 45621 | Tomb:1   | Noticed a greater mummy
 45624 | Tomb:1   | Noticed a greater mummy
 45644 | Tomb:2   | Killed a greater mummy
 45740 | Tomb:2   | Killed a greater mummy
 45804 | Tomb:1   | Noticed a greater mummy
 45813 | Tomb:2   | Killed a greater mummy
 45813 | Tomb:2   | Reached XP level 26. HP: 113/154 MP: 23/23
 45882 | Tomb:2   | Killed a greater mummy
 46066 | Tomb:1   | Killed a greater mummy
 46071 | Tomb:1   | Killed a greater mummy
 46273 | Tomb:1   | Noticed a greater mummy
 46288 | Tomb:1   | Killed a greater mummy
 46477 | Tomb:1   | Noticed a greater mummy
 46480 | Tomb:1   | Noticed a greater mummy
 46487 | Tomb:1   | Noticed a greater mummy
 46489 | Tomb:1   | Killed a greater mummy
 46521 | Tomb:1   | Killed a greater mummy
 46529 | Tomb:1   | Killed a greater mummy
 46535 | Tomb:1   | Noticed a greater mummy
 46684 | Tomb:1   | Killed a greater mummy
 47491 | Tomb:1   | Noticed a greater mummy
 47608 | Tomb:1   | Killed a greater mummy
 47686 | Tomb:1   | Noticed a greater mummy
 47752 | Tomb:1   | Killed a greater mummy
 48093 | Tomb:1   | Noticed a greater mummy
 48150 | Tomb:1   | Killed a greater mummy
 48238 | Tomb:1   | Noticed a greater mummy
 48308 | Tomb:1   | Killed a greater mummy
 48532 | Tomb:1   | Noticed a greater mummy
 48533 | Tomb:1   | Noticed a greater mummy
 48629 | Tomb:1   | Killed a greater mummy
 48814 | Tomb:1   | Killed a greater mummy
 48940 | Tomb:1   | Noticed a greater mummy
 48943 | Tomb:1   | Noticed a greater mummy
 49061 | Tomb:1   | Killed a greater mummy
 49132 | Tomb:1   | Killed a greater mummy
 49689 | Tomb:3   | Entered Level 3 of the Tomb of the Ancients
 49803 | Tomb:3   | Noticed a greater mummy
 49804 | Tomb:3   | Noticed a greater mummy
 49903 | Tomb:2   | Killed a greater mummy
 50028 | Tomb:3   | Noticed a greater mummy
 50037 | Tomb:2   | Killed a greater mummy
 50212 | Tomb:3   | Killed a greater mummy
 50212 | Tomb:3   | Reached XP level 27. HP: 159/160 MP: 23/23
 50305 | Tomb:3   | Noticed a greater mummy
 50474 | Tomb:3   | Noticed a greater mummy
 50482 | Tomb:3   | Killed a greater mummy
 50645 | Tomb:3   | Killed a greater mummy
 50733 | Tomb:3   | Received a gift from Trog
 50735 | Tomb:3   | Noticed Khufu
 50737 | Tomb:3   | Noticed a greater mummy
 50737 | Tomb:3   | Got a warped hand axe {god gift}
 50745 | Tomb:2   | Identified the +6 hand axe of Poblytoy {freeze, rPois} (Trog gifted it to you on level 3 of the Tomb of the Ancients)
 50826 | Tomb:3   | Noticed a greater mummy
 50829 | Tomb:3   | Killed a greater mummy
 51235 | Tomb:3   | Killed a greater mummy
 51236 | Tomb:3   | Killed Khufu
 51240 | Tomb:3   | Noticed a greater mummy
 51315 | Tomb:3   | Killed a greater mummy
 51535 | Tomb:3   | Identified the Handbook of Harmful Malediction
 51651 | Tomb:3   | Got a golden rune of Zot
 52090 | Tomb:3   | Got a pitted jade ring
 52101 | Tomb:3   | Got a scintillating copper amulet
 52107 | Tomb:3   | Identified the amulet "Itogal" {Inacc rC++} (You found it on level 3 of the Tomb of the Ancients)
 52129 | Tomb:3   | Got an ancient battleaxe
 52137 | Tomb:3   | Identified the +8 battleaxe of the Vestibule of Hell {chop, Int+3 SInv} (You found it on level 3 of the Tomb of the Ancients)
 52148 | Tomb:3   | Got a smoking quick blade
 52173 | Tomb:3   | Identified the +0 quick blade "Undertaker" {freeze, *Slow rF+ Dex+5} (You found it on level 3 of the Tomb of the Ancients)
 52908 | Depths:1 | Entered Level 1 of the Depths
 53160 | Vaults:5 | Bought a bread ration for 65 gold pieces
 53160 | Vaults:5 | Bought a royal jelly for 26 gold pieces
 53160 | Vaults:5 | Bought a beef jerky for 19 gold pieces
 53160 | Vaults:5 | Bought a bread ration for 65 gold pieces
 53160 | Vaults:5 | Bought a bread ration for 65 gold pieces
 53160 | Vaults:5 | Bought a meat ration for 65 gold pieces
 53160 | Vaults:5 | Bought a bread ration for 65 gold pieces
 53160 | Vaults:5 | Bought a beef jerky for 19 gold pieces
 53160 | Vaults:5 | Bought a beef jerky for 19 gold pieces
 53160 | Vaults:5 | Bought 3 fruits for 58 gold pieces
 53160 | Vaults:5 | Bought a meat ration for 65 gold pieces
 53160 | Vaults:5 | Bought a bread ration for 65 gold pieces
 53469 | D:11     | Bought a potion of might for 60 gold pieces
 53469 | D:11     | Bought a potion of might for 60 gold pieces
 53469 | D:11     | Bought a potion of haste for 150 gold pieces
 53469 | D:11     | Bought a potion of heal wounds for 75 gold pieces
 53469 | D:11     | Bought a potion of might for 60 gold pieces
 53469 | D:11     | Bought a potion of heal wounds for 75 gold pieces
 53702 | Depths:1 | Found a one-way gate leading to the halls of Pandemonium.
 53720 | Depths:1 | Received a gift from Trog
 53854 | Depths:1 | Found a gateway to Hell.
 53992 | Depths:1 | Found a flickering gateway to a bazaar.
 54030 | Depths:1 | Found a gateway to a ziggurat.
 54255 | Depths:1 | Noticed a juggernaut
 54262 | Depths:1 | Killed a juggernaut
 54908 | Depths:2 | Got a polished glaive
 54916 | Depths:2 | Identified the +10 glaive of Wisdom {drain, +Rage rF+} (You found it on level 2 of the Depths)
 55251 | Depths:2 | Received a gift from Trog
 55678 | Depths:3 | Noticed Xtahua
 55688 | Depths:3 | Killed Xtahua
 55939 | Depths:3 | Noticed Asterion
 55953 | Depths:3 | Killed Asterion
 56073 | Depths:3 | Received a gift from Trog
 56206 | Depths:3 | Found Tecal's Jewellery Emporium.
 56206 | Depths:3 | Found Fuafophexesm's Gadget Shop.
 56207 | Depths:3 | Found Agirut's Jewellery Emporium.
 56430 | Depths:4 | Found a shattered altar of Ashenzari.
 56883 | Depths:4 | Found a one-way gate to the infinite horrors of the Abyss.
 57420 | Depths:5 | Entered Level 5 of the Depths
 57470 | Depths:5 | Received a gift from Trog
 57730 | Depths:5 | Got a serpentine marble ring
 57785 | Depths:5 | Found a gate to the Realm of Zot.
 57796 | Depths:5 | Noticed an ancient lich
 57815 | Depths:5 | Killed an ancient lich
 57825 | Depths:5 | Noticed an ancient lich
 57839 | Depths:5 | Killed an ancient lich
 57901 | Depths:5 | Received a gift from Trog
 58162 | Depths:5 | Gained mutation: Armour fits poorly on your strangely shaped body. [a cacodemon]
 58608 | Zot:1    | Entered Level 1 of the Realm of Zot
 58708 | Zot:1    | Noticed an orb of fire
 58724 | Zot:1    | Killed an orb of fire
 58733 | Zot:1    | HP: 8/164 [quicksilver dragon/bolt of dispelling energy (40)]
 58734 | Zot:1    | HP: 1/164 [quicksilver dragon/bolt of dispelling energy (8)]
 58736 | Zot:1    | Killed from afar by a quicksilver dragon

Skill      XL: |  1  2  3  4  5  6  7  8  9 10 11 12 13 14 15 16 17 18 19 20 21 22 23 24 25 26 27 |
---------------+----------------------------------------------------------------------------------+-----
Axes           | 3 4 5 6 8 9 10 11 12 13 14 15 16 17 18 19 20 22 | 22.4
Fighting       | 4 5 6 7 8 9 11 12 13 14 15 16 17 18 19 20 21 22 23 25 | 25.6
Armour         | 3 4 5 6 8 9 10 11 13 14 15 16 17 18 19 20 21 22 23 25 | 25.2
Dodging        | 2 3 4 5 6 7 8 9 10 11 12 13 14 | 14.7
Maces & Flails | 1 |  1.4
Shields        | 1 3 4 6 7 8 9 10 11 12 13 14 15 16 17 18 | 18.7
Long Blades    | 1 |  1.0
Slings         | |  0.1

Action                   |  1- 3 |  4- 6 |  7- 9 | 10-12 | 13-15 | 16-18 | 19-21 | 22-24 | 25-27 || total
-------------------------+-------+-------+-------+-------+-------+-------+-------+-------+-------++-------
Melee: Hand axe          |    98 |   115 |   114 |       |       |       |       |       |       ||   327
       War axe           |       |       |   325 |   452 |   517 |       |       |       |       ||  1294
       Flail             |       |       |     4 |     6 |   105 |    12 |       |       |       ||   127
       Broad axe         |       |       |       |       |   453 |  1283 |  1059 |  1356 |  1636 ||  5787
       Executioner's axe |       |       |       |       |    25 |       |       |       |       ||    25
       Eudemon blade     |       |       |       |       |       |       |       |    11 |       ||    11
 Fire: Hunting sling     |       |       |     4 |       |       |       |       |       |       ||     4
Throw: Javelin           |       |       |       |       |       |       |    11 |       |    34 ||    45
Invok: Berserk           |       |     4 |     3 |    10 |     9 |    10 |     2 |     2 |    21 ||    61
       Trog's Hand       |       |       |     1 |       |     3 |    10 |     7 |    14 |     2 ||    37
       Brothers in Arms  |       |       |       |     2 |     1 |    15 |    18 |    12 |     4 ||    52
       Burn Spellbooks   |       |       |       |       |       |       |       |       |     1 ||     1
 Abil: Evoke Flight      |     1 |       |       |       |       |       |       |       |       ||     1
       Fly               |       |       |       |       |       |       |       |       |     1 ||     1
       Stop Flying       |       |       |       |       |       |       |       |       |     1 ||     1
Evoke: Staff of Olgreb   |       |       |     1 |       |       |       |       |       |       ||     1
  Use: Scroll            |       |       |    10 |    21 |    13 |     8 |    12 |     6 |    10 ||    80
       Potion            |       |       |       |       |     4 |     1 |     2 |     3 |     3 ||    13
 Stab: Sleeping          |     1 |       |     1 |       |       |       |       |       |       ||     2
       Distracted        |       |       |       |       |       |     1 |     4 |     4 |     2 ||    11
  Eat: Chunk             |     2 |     6 |    17 |    22 |    38 |    14 |    17 |     8 |     2 ||   126
       Bread ration      |       |       |     1 |     3 |       |     6 |     3 |     6 |    12 ||    31
       Fruit             |       |       |     1 |       |       |     1 |       |       |     4 ||     6
       Meat ration       |       |       |       |       |     2 |     1 |     1 |     2 |     1 ||     7
       Royal jelly       |       |       |       |       |       |       |     1 |     2 |       ||     3
       Beef jerky        |       |       |       |       |       |       |       |       |     1 ||     1
Armor: Animal skin       |    41 |     1 |       |       |       |       |       |       |       ||    42
       Ring mail         |       |    58 |   162 |    10 |       |       |       |       |       ||   230
       Scale mail        |       |       |       |    57 |       |       |       |       |       ||    57
       Chain mail        |       |       |       |   127 |   523 |   767 |   336 |    22 |       ||  1775
       Plate armour      |       |       |       |       |       |       |       |   369 |   543 ||   912
Dodge: Dodged            |    74 |    81 |   215 |   155 |   599 |   558 |   304 |   349 |   525 ||  2860
Block: Shield            |       |       |   172 |   406 |   976 |  1385 |   864 |  1074 |  1487 ||  6364
       Reflection        |       |       |       |       |       |     3 |    50 |    36 |    91 ||   180
       Other             |       |       |       |       |       |       |     1 |       |       ||     1
       Rpst.: Eudemon blade |       |       |       |       |       |       |       |     4 |       ||     4
